 Dungeon Crawl Stone Soup version 0.31-a0-150-g89dc3ad700 (webtiles) character file.

Game seed: 5445274606851220097

4735 IdlyInterested the Summoner (level 10, -1/77 HPs)
             Began as a Demonspawn Gladiator on June 8, 2023.
             Was a Follower of Hepliaklqana.
             Killed by an exploding themself (35 damage)
             ... ignited by their inner flame
             ... on level 8 of the Dungeon.
             The game lasted 00:33:07 (6953 turns).

IdlyInterested the Summoner (Demonspawn Gladiator)  Turns: 6953, Time: 00:33:07

Health: -1/77      AC:  8    Str: 18    XL:     10   Next: 22%
Magic:  12/14      EV: 13    Int: 11    God:    Hepliaklqana [*.....]
Gold:   585        SH:  0    Dex: 24    Spells: 8/15 levels left

rFire   . . .        A - +0 rapier (protect)
rCold   . . .        (no shield)
rNeg    . . .        o - +1 leather armour of Leapfrog {rElec Str+4 Dex+4}
rPois   .            L - +0 hat
rElec   +            (no cloak)
rCorr   .            (no gloves)
SInv    +            (no boots)
Will    .....        l - amulet of regeneration
Stlth   +++          B - +4 ring of protection
HPRegen 1.12/turn    J - ring of see invisible
MPRegen 0.14/turn

%: no passive effects
@: no status effects
A: reduced essence, antennae 1, icy blue scales 1, demonic guardian 1, demonic
magic 2, agile 1, deformed body, robust 1, MP-powered wands
a: Renounce Religion, Recall Ancestor, Ancestor Identity


You were on level 8 of the Dungeon.
You worshipped Hepliaklqana.
Hepliaklqana was aware of your devotion.
You visited 2 branches of the dungeon, and saw 9 of its levels.
You also visited: Sewer and Ossuary.

You collected 585 gold pieces.

Inventory:

Hand Weapons
 e - a +2 dagger of venom
 A - a +0 rapier of protection (weapon)
Missiles
 d - 3 throwing nets
 f - 15 stones (quivered)
 h - 4 boomerangs
 n - 32 poisoned darts
 G - a javelin
Armour
 o - the +1 leather armour of Leapfrog (worn) {rElec Str+4 Dex+4}
   (You found it on level 2 of the Dungeon)

   Str:       It affects your strength (+4).
   Dex:       It affects your dexterity (+4).
   rElec:     It insulates you from electricity.
 L - a +0 hat (worn)
Jewellery
 c - a +6 ring of strength
 l - an amulet of regeneration (around neck)
 y - a ring of fire
 B - a +4 ring of protection (left hand)
 C - an amulet of reflection
 J - a ring of see invisible (right hand)
Wands
 b - a wand of iceblast (9)
 j - a wand of polymorph (13)
 w - a wand of light (4)
 I - a wand of charming (18)
Scrolls
 g - a scroll of fear
 k - a scroll of magic mapping
 p - a scroll of enchant weapon
 s - 6 scrolls of teleportation
 t - a scroll of amnesia
 x - 2 scrolls of immolation
 D - a scroll of poison {unknown}
 F - a scroll of vulnerability
 N - a scroll of brand weapon
Potions
 a - a potion of enlightenment {unknown}
 i - 3 potions of attraction
 m - 3 potions of cancellation
 q - 7 potions of curing
 r - 5 potions of brilliance
 u - 3 potions of lignification
 v - 3 potions of heal wounds
 E - 2 potions of haste
 H - 4 potions of mutation
 M - a potion of might


   Skills:
 + Level 6.6 Fighting
 * Level 7.5(7.8) Short Blades
 - Level 3.1(5.7) Long Blades
 - Level 1.7 Throwing
 - Level 1.0 Armour
 - Level 2.6 Dodging
 + Level 3.0 Stealth
 - Level 3.0 Spellcasting
 - Level 11.8 Summonings
 - Level 2.0 Invocations
 - Level 2.0 Evocations


You had 8 spell levels left.
You knew the following spells:

 Your Spells              Type           Power      Damage    Failure   Level
a - Summon Small Mammal   Summ           100%       N/A       1%          1
b - Call Canine Familiar  Summ           27%        N/A       1%          3
c - Summon Guardian Gole  Hex/Summ       14%        N/A       9%          3

Your spell library contained the following spells:

 Spells                   Type           Power      Damage    Failure   Level
 Freeze                   Ice            4%         1d3       30%         1
 Dazzling Flash           Conj/Hex       2%         N/A       67%         3
 Frozen Ramparts          Ice            2%         1d1       67%         3
 Hailstorm                Conj/Ice       1%         3d3       67%         3
 Volatile Blastmotes      Fire/Tloc      2%         2d10      67%         3
 Iskenderun's Mystic Bla  Conj/Tloc      1%         2d3       97%         4
 Starburst                Conj/Fire      0%         6d3       100%        6


Dungeon Overview and Level Annotations

Branches:
Dungeon (8/15)             Temple (1/1) D:4           Sewer (visited)
Ossuary (visited)
   Lair: D:8-11

Altars:
Ashenzari
Cheibriados
Dithmenos
Fedhas
Gozag
Hepliaklqana
Kikubaaqudgha
Makhleb
Nemelex Xobeh
Okawaru
Qazlal
Ru
Trog
Vehumet
Wu Jian
Xom
Yredelemnul


Innate Abilities, Weirdness & Mutations

Your life essence is reduced to manifest your ancestor. (-10% HP)
You have a pair of small antennae on your head.
You are partially covered in icy blue scales. (AC +2)
A weak demonic guardian rushes to your aid.
Spells you cast may paralyse nearby enemies.
You are agile. (Dex +4, Str/Int -1)
Armour fits poorly on your strangely shaped body.
You are robust. (+10% HP)
You expend magic power (3 MP) to strengthen your wands.


Message History

The steam dragon attacks as you move away!
The steam dragon bites you! The steam dragon misses you.
The steam dragon bites your guardian golem but does no damage.
The steam dragon claws your guardian golem.
Xochitl closely misses the steam dragon.
The steam dragon bites your guardian golem but does no damage.
The steam dragon claws your guardian golem but does no damage.
Xochitl hits the steam dragon.
The steam dragon breathes steam at you.
The ball of steam hits your guardian golem.
Your guardian golem resists.
The ball of steam hits you! What are your orders? t - Shout!
Orders for allies: a - Attack new target. r - Retreat! s - Stop attacking. g - Guard the area. f - Follow me.
Anything else - Cancel.
Gang up on whom?
Press: ? - help, Dir - move target, f - steam dragon
Aim: a steam dragon (steam, heavily wounded) Attack!
The steam dragon breathes steam at you.
The ball of steam hits your guardian golem.
Your guardian golem resists.
The ball of steam hits you!
* * * LOW HITPOINT WARNING * * *
You are engulfed in a cloud of scalding steam.
* * * LOW HITPOINT WARNING * * *
Your guardian golem overheats!
The steam dragon bites your guardian golem!
Flame seeps out of your guardian golem.
The steam dragon claws your guardian golem.
Flame seeps out of your guardian golem.
Xochitl hits the steam dragon.
You feel much better. Something bites your guardian golem.
Flame seeps out of your guardian golem. Something claws your guardian golem.
Your guardian golem disappears in a puff of smoke!
Your guardian golem explodes!
The fiery explosion engulfs you!!
You die...

*,,,* ##.#.# *,,,**####*
##..#.# **,,*,,...* ##.#.#.#
**,*,**#.######.###..##
*,*,* #.{....§## ##..####
*,*,###.##.....#*#.#.....
****,*,,...*#R####.#.##.###.
*,,,,,...#.##{# *#.#*#.# **
*,***##.,,#@#{# #.###.## #
*,* #,,*##§.#*###.##...###
*,* *,** ##§..............
*,* *,,***§.§...###....###
*,*****,,,*.#.###.##.......#
*,,,,,,,,*.##.#**........#.#
********,..,...*..######.#.#
*##**#..*.,*~~~~#..,.
*,,,,..,,,+~_8~#.#,.


There were no monsters in sight!

Vanquished Creatures
  A two-headed ogre (D:7)
  The ghost of deremet the Chiller, a novice MfIE of Elyvilon (D:7)
  A wyvern (D:7)
  A water moccasin (D:3)
  An orc warrior (D:6)
  A black bear (D:5)
  An ice beast (D:5)
  A sky beast (D:7)
  2 ogres
  2 kobold brigands (Sewer)
  A bullfrog (D:7)
  A scorpion (D:5)
  4 wights (D:7)
  A howler monkey (D:6)
  4 hounds
  2 jellies
  8 orc priests
  Ijyb (D:3)
  Jessica (D:2)
  3 iguanas
  4 orc wizards
  3 mummies (Ossuary)
  11 adders
  3 gnolls (D:3)
  A shadow imp (D:7)
  3 white imps
  31 orcs
  6 bats
  8 endoplasms
  4 giant cockroaches
  9 goblins
  4 hobgoblins
  19 kobolds
  4 quokkas
  6 ball pythons
  6 frilled lizards
  A goblin zombie (D:8)
  A hobgoblin zombie (Ossuary)
  2 kobold zombies (Ossuary)
  A quokka zombie (D:8)
  8 rats
173 creatures vanquished.

Vanquished Creatures (collateral kills)
  A sky beast (D:7)
  An orc priest (D:4)
  4 mummies (Ossuary)
  4 orcs
  An endoplasm (D:4)
  A gnoll zombie (Ossuary)
  A kobold zombie (Ossuary)
  3 orc zombies (Ossuary)
16 creatures vanquished.

Vanquished Creatures (others)
  4 ancestors
  A mummy (Ossuary)
5 creatures vanquished.

Grand Total: 194 creatures vanquished

Notes
Turn   | Place    | Note
-------+----------+-------------------------------------------
     0 | D:1      | IdlyInterested the Demonspawn Gladiator began the quest for
                  | the Orb.
     0 | D:1      | Reached XP level 1. HP: 16/16 MP: 1/1
   134 | D:1      | Reached skill level 1 in Evocations
   146 | D:1      | Gained mutation: You are partially covered in icy blue
                  | scales. (AC +2) [demonic ancestry]
   146 | D:1      | Reached XP level 2. HP: 20/22 MP: 2/2
   360 | D:1      | Reached skill level 1 in Stealth
   561 | D:2      | Identified the +1 leather armour of Leapfrog {rElec Str+4
                  | Dex+4}
   594 | D:2      | Gained mutation: Spells you cast may paralyse adjacent
                  | enemies. [demonic ancestry]
   594 | D:2      | Reached XP level 3. HP: 24/28 MP: 3/3
   617 | D:2      | Reached skill level 1 in Armour
   668 | D:2      | Noticed Jessica
   675 | D:2      | Killed Jessica
   676 | D:2      | Reached XP level 4. HP: 34/34 MP: 3/5
  1215 | D:3      | Reached skill level 1 in Spellcasting
  1222 | D:3      | Reached skill level 1 in Short Blades
  1439 | D:3      | Noticed a water moccasin
  1452 | D:3      | Killed a water moccasin
  1453 | D:3      | Reached XP level 5. HP: 18/41 MP: 6/6
  1626 | D:3      | Noticed Ijyb
  1636 | D:3      | Killed Ijyb
  1637 | D:3      | Gained mutation: A weak demonic guardian rushes to your
                  | aid. [demonic ancestry]
  1637 | D:3      | Reached XP level 6. HP: 30/47 MP: 7/7
  1819 | D:3      | Found a shadowy altar of Dithmenos.
  1819 | D:3      | Found an opulent altar of Gozag.
  1831 | D:3      | Learned a level 1 spell: Summon Small Mammal
  2105 | D:4      | Gained mutation: You have very sharp teeth. [potion of
                  | mutation]
  2105 | D:4      | Gained mutation: You have hidden genetic defects. [potion
                  | of mutation]
  2105 | D:4      | Gained mutation: You possess an exceptional clarity of
                  | mind. [potion of mutation]
  2130 | D:4      | Found a snail-covered altar of Cheibriados.
  2239 | D:4      | Gained mutation: You are dopey. (Int -2) [hidden defects]
  2428 | D:4      | Reached XP level 7. HP: 40/54 MP: 10/10
  2501 | D:4      | Found a staircase to the Ecumenical Temple.
  2556 | Temple   | Entered the Ecumenical Temple
  2813 | D:5      | Entered Level 5 of the Dungeon
  2945 | D:5      | Gained mutation: You occasionally shout uncontrollably at
                  | your foes. [hidden defects]
  2945 | D:5      | Lost mutation: You have hidden genetic defects. [hidden
                  | defects expressed]
  2947 | D:5      | Lost mutation: You possess an exceptional clarity of mind.
                  | [potion of mutation]
  2947 | D:5      | Lost mutation: You have very sharp teeth. [potion of
                  | mutation]
  2947 | D:5      | Lost mutation: You occasionally shout uncontrollably at
                  | your foes. [potion of mutation]
  2947 | D:5      | Gained mutation: You have a pair of small horns on your
                  | head. [potion of mutation]
  2947 | D:5      | Gained mutation: You are frail. (-10% HP) [potion of
                  | mutation]
  2947 | D:5      | Gained mutation: You expend magic power (3 MP) to
                  | strengthen your wands. [potion of mutation]
  2947 | D:5      | Lost mutation: You are frail. (-10% HP) [potion of
                  | mutation]
  3339 | D:5      | Reached skill level 5 in Short Blades
  3852 | D:6      | Reached skill level 5 in Fighting
  3852 | D:6      | Reached XP level 8. HP: 31/62 MP: 7/11
  3925 | D:6      | Found a glowing drain.
  3948 | Sewer    | Entered a sewer
  4346 | D:6      | Reached skill level 11 in Summonings
  4346 | D:6      | Gained mutation: Spells you cast may paralyse nearby
                  | enemies. [demonic ancestry]
  4346 | D:6      | Reached XP level 9. HP: 68/68 MP: 13/13
  4351 | D:6      | Learned a level 3 spell: Call Canine Familiar
  4355 | D:6      | Learned a level 3 spell: Summon Guardian Golem
  4358 | D:6      | Lost mutation: You have a pair of small horns on your head.
                  | [potion of mutation]
  4358 | D:6      | Lost mutation: You are dopey. (Int -2) [potion of mutation]
  4358 | D:6      | Gained mutation: You are robust. (+10% HP) [potion of
                  | mutation]
  4358 | D:6      | Gained mutation: Armour fits poorly on your strangely
                  | shaped body. [potion of mutation]
  4358 | D:6      | Gained mutation: You are agile. (Dex +4, Str/Int -1)
                  | [potion of mutation]
  4441 | Temple   | Became a worshipper of Hepliaklqana the Forgotten
  4510 | D:6      | Found an ancient bone altar of Kikubaaqudgha.
  5639 | D:7      | Reached * piety under Hepliaklqana
  5675 | D:7      | Found a transporter.
  5676 | D:7      | Found a transporter.
  5677 | D:7      | Noticed deremet's ghost (novice MfIE)
  5682 | D:7      | Noticed a two-headed ogre
  6181 | D:7      | Reached skill level 1 in Invocations
  6439 | D:7      | Killed a two-headed ogre
  6440 | D:7      | Gained mutation: You have a pair of small antennae on your
                  | head. [demonic ancestry]
  6440 | D:7      | Reached XP level 10. HP: 70/77 MP: 7/14
  6452 | D:7      | Killed deremet's ghost
  6551 | D:8      | Found a sand-covered staircase.
  6611 | Ossuary  | Entered an ossuary
  6953 | D:8      | Killed by an exploding themself... ignited by their inner
                  | flame

Illustrated notes

Levels and vault maps discovered:
D:1:      moated_graveyard_arrival, layout_rooms
D:2:      layout_rooms, uniq_jessica
D:3:      layout_basic, gammafunk_temple_overflow_elements, uniq_ijyb
D:4:      layout_basic, nicolae_elyvilon_peaceful_grove, cheibriados_altar_1,
          temple_fountains
D:5:      layout_cave_pods, serial_bayou_lagoon_a
D:6:      layout_basic, mainiacjoe_overflow_six_doors_small,
          gup_sewer_entry_glass, kennysheep_decorative_pillar
D:7:      layout_basic, gammafunk_ghost_smash
D:8:      layout_loops_ring, general_overflow_altar, enter_ossuary_4
Temple:   bh_familiar_temple

Skill      XL: |  1  2  3  4  5  6  7  8  9 |
---------------+----------------------------+-----
Evocations     | 1 2 |  2.0
Long Blades    | 3 |  3.1
Stealth        | 1 2 3 |  3.0
Armour         | 1 |  1.0
Spellcasting   | 1 2 3 |  3.0
Short Blades   | 2 3 5 6 7 |  7.5
Fighting       | 3 4 5 6 |  6.6
Summonings     | 11 | 11.8
Invocations    | 2 |  2.0
Throwing       | |  1.7
Dodging        | |  2.6

Action                     |  1- 3 |  4- 6 |  7- 9 | 10-12 || total
---------------------------+-------+-------+-------+-------++-------
  Melee: Long sword        |    76 |   195 |    18 |       ||   289
         Punch             |       |     2 |     4 |       ||     6
         Bite              |       |     5 |     2 |       ||     7
         Rapier            |       |       |    49 |    61 ||   110
         Dagger            |       |       |   162 |     6 ||   168
         Headbutt          |       |       |    23 |       ||    23
  Throw: Javelin           |       |     1 |     1 |       ||     2
         Dart              |       |     2 |     1 |       ||     3
         Stone             |       |       |    14 |    27 ||    41
   Cast: Summon Small Mamm |       |       |     5 |     2 ||     7
         Call Canine Famil |       |       |     5 |     1 ||     6
         Summon Guardian G |       |       |       |     2 ||     2
  Evoke: Wand              |       |       |     2 |       ||     2
    Use: Scroll            |     1 |     1 |     8 |     7 ||    17
         Potion            |       |     3 |     9 |     1 ||    13
   Stab: Sleeping          |     2 |     4 |    10 |     1 ||    17
         Invisible         |       |       |     2 |     1 ||     3
         Distracted        |       |       |     2 |       ||     2
         Paralysed         |       |       |     7 |     2 ||     9
 Armour: Leather armour    |    27 |    77 |    74 |    16 ||   194
  Dodge: Dodged            |    49 |   116 |    94 |    25 ||   284

Table legend: (Time is in decaauts)
 A = Elapsed time spent in this place.
 B = Non-inter-level travel time spent in this place.
 C = Inter-level travel time spent in this place.
 D = Time resting spent in this place.
 E = Time spent auto-exploring this place.
 F = Levels seen in this place.
 G = Mean time per level.
                   A        B        C        D        E       F      G
               +--------+--------+--------+--------+--------+-----+--------+
         Total |   6972 |   5991 |    981 |    362 |   3423 |  11 |  633.8 |
       Dungeon |   6237 |   5319 |    918 |    362 |   3100 |   8 |  779.6 |
        Temple |    230 |    168 |     62 |      0 |    160 |   1 |  230.0 |
         Sewer |    270 |    270 |      0 |      0 |     91 |   1 |  270.0 |
       Ossuary |    234 |    234 |      0 |      0 |     71 |   1 |  234.0 |
               +--------+--------+--------+--------+--------+-----+--------+

Top non-repeatable levels by time:
     D:7: 1164 daAuts
     D:6: 1056 daAuts
     D:5: 1037 daAuts
     D:3: 885 daAuts
     D:4: 749 daAuts
     D:2: 594 daAuts
     D:1: 562 daAuts
   Sewer: 270 daAuts
 Ossuary: 234 daAuts
  Temple: 230 daAuts
     D:8: 186 daAuts
